 Dungeon Crawl Stone Soup version 0.30.0-17-ge0270778cf (webtiles) character file.

Game seed: 13366391671039115734

1190 Daunt the Cleaver (level 8, -6/66 HPs)
             Began as a Hill Orc Hunter on May 21, 2023.
             Was a Follower of Nemelex Xobeh.
             Mangled by an orc
             ... wielding a +2 flail of protection
              (7 damage)
             ... on level 6 of the Dungeon.
             The game lasted 00:14:26 (5520 turns).

Daunt the Cleaver (Hill Orc Hunter)                 Turns: 5520, Time: 00:14:26

Health: -6/66      AC: 13    Str: 16    XL:     8   Next: 43%
Magic:  8/8        EV:  5    Int:  9    God:    Nemelex Xobeh [*.....]
Gold:   472        SH:  0    Dex: 20    Spells: 7/7 levels left

rFire   . . .        a - +4 hand axe
rCold   . . .        (no shield)
rNeg    . . .        t - +0 plate armour
rPois   .            (no helmet)
rElec   .            f - +0 cloak
rCorr   .            A - +0 pair of gloves
SInv    .            (no boots)
Will    .....        (no amulet) Stlth
                     u - +6 ring of dexterity
HPRegen 0.31/turn    (no ring)
MPRegen 0.11/turn

%: no passive effects
@: no status effects
A: no striking features
a: Renounce Religion, Convert to Beogh, Draw Escape, Draw Destruction, Draw
Summoning


You were on level 6 of the Dungeon.
You worshipped Nemelex Xobeh.
Nemelex Xobeh was aware of your devotion.
You visited 1 branch of the dungeon, and saw 6 of its levels.

You collected 505 gold pieces.
You spent 33 gold pieces at shops.

Inventory:

Hand Weapons
 a - a +4 hand axe (weapon)
 b - a +0 shortbow
 q - a +0 war axe
Missiles
 g - 30 stones (quivered)
 B - 3 atropa-tipped darts
 G - 2 javelins
 I - a throwing net
Armour
 c - a +0 leather armour
 f - a +0 cloak (worn)
 t - a +0 plate armour (worn)
 A - a +0 pair of gloves (worn)
Jewellery
 u - a +6 ring of dexterity (left hand)
 v - a ring of ice
Wands
 y - a wand of charming (4)
Scrolls
 d - 2 scrolls of identify {unknown}
 e - 3 scrolls of teleportation
 i - a scroll of enchant armour {unknown}
 j - a scroll of enchant weapon {unknown}
 m - 5 scrolls of immolation
 n - a scroll of silence {unknown}
 p - 2 scrolls of magic mapping {unknown}
 w - a scroll of poison {unknown}
 z - 2 scrolls of blinking {unknown}
 C - 2 scrolls of brand weapon {unknown}
 E - 3 scrolls of fog
 F - a scroll of fear {unknown}
 J - a scroll of vulnerability {unknown}
Potions
 h - 2 potions of resistance
 k - a potion of attraction {unknown}
 l - 4 potions of curing
 o - 3 potions of flight {unknown}
 r - a potion of brilliance {unknown}
 s - a potion of cancellation {unknown}
 x - 2 potions of haste {unknown}
 H - a potion of might {unknown}


   Skills:
 - Level 3.9 Fighting
 + Level 11.6 Axes
 - Level 3.6 Ranged Weapons
 + Level 2.7 Armour
 - Level 1.5 Dodging
 - Level 0.7 Stealth


You had 7 spell levels left.
You didn't know any spells.
Your spell library was empty.

Dungeon Overview and Level Annotations

Branches:
Dungeon (6/15)
 Temple: D:4-7

Altars:
Hepliaklqana
Nemelex Xobeh

Shops:
D:1 *

Annotations:
D:6 3 runed translucent doors, middlethird's ghost, novice VSAE


Message History

You kill the orc!
The orc priest invokes the aid of Beogh against you.
Beogh smites you!
* * * LOW HITPOINT WARNING * * *
Unknown command.
Unknown command.
You hit the orc priest but do no damage.
The orc priest shouts, "Surrender to Beogh and we'll let you live!"
The orc priest is heavily wounded.
You barely miss the orc.
The orc priest threatens, "By the altar or by the axe, you will meet Beogh!"
The orc priest hits you but does no damage.
An orc comes into view. It is wielding a +0 club.
The orc hits you but does no damage.
You barely miss the orc priest.
The orc priest is heavily wounded.
You closely miss the orc.
Unknown command.
Unknown command.
You hit the orc priest.
The orc priest is severely wounded.
You closely miss the orc.
The orc priest hits you with a +2 hand axe of flaming.
* * * LOW HITPOINT WARNING * * *
The orc priest burns you.
* * * LOW HITPOINT WARNING * * *
The orc hits you but does no damage.
Unknown command.
Unknown command.
You hit the orc priest but do no damage.
The orc priest is severely wounded.
You hit the orc but do no damage.
The orc priest hits you with a +2 hand axe of flaming.
* * * LOW HITPOINT WARNING * * *
The orc priest burns you.
* * * LOW HITPOINT WARNING * * *
An orc comes into view. It is wielding a +0 mace.
The orc hits you with a +2 flail of protection!
You die...
Your body disappears without a glow.

#.## ##.## #.# $..
#...####.# #.##.....##.#
#.....###.#.######
#.....# #.........
##....###.#....... #
#.......#........
#.##......##.###.###
#.o@).#.#.##.#.....#
#.....#o#...#....#.....#
#...#......#####........
...o..#.#.## #.#...>.# #
o##.....# #.#.....# #
#####.# ###.###.### ..
..........ยง ###
#####....## #.##..#


You could see an orc priest and 3 orcs.

Vanquished Creatures
  3 sky beasts
  A black bear (D:6)
  2 phantoms (D:5)
  A kobold brigand (D:4)
  A hound (D:5)
  A gnoll bouda (D:6)
  3 orc priests
  4 iguanas (D:5)
  2 orc wizards
  3 sleepcaps
  5 adders
  A white imp (D:5)
  2 worms (D:2)
  2 dart slugs (D:1)
  15 orcs
  13 ball pythons
  4 endoplasms
  3 giant cockroaches
  6 goblins
  6 hobgoblins
  8 jackals
  6 kobolds
  2 quokkas
  5 bats
  2 frilled lizards
  6 rats
107 creatures vanquished.

Vanquished Creatures (collateral kills)
  A hound (D:6)
  A sleepcap (D:5)
2 creatures vanquished.

Vanquished Creatures (others)
  An orc (D:5)
1 creature vanquished.

Grand Total: 110 creatures vanquished

Notes
Turn   | Place    | Note
-------+----------+-------------------------------------------
     0 | D:1      | Daunt the Hill Orc Hunter began the quest for the Orb.
     0 | D:1      | Reached XP level 1. HP: 18/18 MP: 1/1
   111 | D:1      | Reached XP level 2. HP: 26/26 MP: 2/2
   429 | D:1      | Found Qatri's General Store.
   439 | D:1      | Bought a potion of curing for 33 gold pieces
   495 | D:1      | Reached skill level 1 in Axes
   495 | D:1      | Reached XP level 3. HP: 31/33 MP: 3/3
   930 | D:2      | Found a faded altar of an unknown god.
  1011 | D:2      | Reached skill level 2 in Axes
  1103 | D:2      | Reached skill level 3 in Axes
  1117 | D:2      | Reached XP level 4. HP: 32/40 MP: 4/4
  1483 | D:3      | Found a hazy altar of Hepliaklqana.
  1567 | D:3      | Noticed a sky beast
  1588 | D:3      | Killed a sky beast
  1589 | D:3      | Reached skill level 5 in Axes
  1589 | D:3      | Reached XP level 5. HP: 11/46 MP: 5/5
  2518 | D:4      | Identified the +1 robe of Tuamos {Dex+3}
  2534 | D:4      | Reached skill level 6 in Axes
  2686 | D:4      | Noticed a kobold brigand
  2701 | D:4      | Killed a kobold brigand
  2702 | D:4      | Reached XP level 6. HP: 49/52 MP: 6/6
  2710 | D:4      | Found a sparkling altar of Nemelex Xobeh.
  2808 | D:4      | Became a worshipper of Nemelex Xobeh the Trickster
  2933 | D:5      | Entered Level 5 of the Dungeon
  2947 | D:5      | Reached skill level 7 in Axes
  3291 | D:5      | Reached skill level 8 in Axes
  3291 | D:5      | Reached XP level 7. HP: 55/58 MP: 7/7
  3419 | D:5      | Reached skill level 9 in Axes
  3762 | D:5      | Reached skill level 10 in Axes
  3822 | D:5      | Reached * piety under Nemelex Xobeh
  4433 | D:6      | Found a runed translucent gate.
  4433 | D:6      | Found a runed translucent gate.
  4433 | D:6      | Found a runed translucent gate.
  4434 | D:6      | Noticed middlethird's ghost (novice VSAE)
  4459 | D:6      | Reached skill level 11 in Axes
  4459 | D:6      | Reached XP level 8. HP: 40/66 MP: 8/8
  4594 | D:6      | Reached skill level 1 in Armour
  4748 | D:6      | Noticed a brown ugly thing
  5022 | D:6      | HP: 2/66 [orc warrior/+0 glaive (11)]
  5520 | D:6      | HP: 2/66 [orc priest/+2 hand axe of flaming (2)]
  5520 | D:6      | Mangled by an orc

Illustrated notes

Levels and vault maps discovered:
D:1:      lemuel_arrival_broad_hall, layout_basic, serial_shops,
          nicolae_shop_tiny_glass, amcnicky_mini_corridor_feature
D:2:      layout_rooms, shapermc_ecumenical_altar_ellora, grunt_ministairs_9,
          minmay_misc_feat_x, minivault_27
D:3:      layout_loops_ring, nicolae_hepliaklqana_hazy_memory,
          minmay_misc_feat_more_columns
D:4:      minmay_spotlight, layout_loops_ring, lemuel_tele_altar
D:5:      layout_gridville
D:6:      layout_loops_ring, minmay_temple_entry_glass,
          gammafunk_ghost_necromancy, serial_glass, glass_columns_b,
          glass_columns_a, glass_columns_b, glass_columns_a, st_stairs_3

Skill      XL: |  1  2  3  4  5  6  7  8 |
---------------+-------------------------+-----
Fighting       | 3 |  3.9
Axes           | 1 3 5 6 8 11 | 11.6
Armour         | 2 |  2.7
Ranged Weapons | |  3.6
Dodging        | |  1.5
Stealth        | |  0.7

Action                     |  1- 3 |  4- 6 |  7- 9 || total
---------------------------+-------+-------+-------++-------
  Melee: Hand axe          |       |   111 |   185 ||   296
         Punch             |       |     1 |       ||     1
   Fire: Shortbow          |   109 |    12 |    11 ||   132
  Throw: Stone             |       |     5 |       ||     5
         Dart              |       |       |     6 ||     6
  Evoke: Wand              |       |       |    10 ||    10
    Use: Potion            |       |     1 |       ||     1
         Scroll            |       |       |     2 ||     2
   Stab: Invisible         |       |       |     1 ||     1
 Armour: Leather armour    |    22 |     4 |       ||    26
         Plate armour      |       |    59 |    83 ||   142
  Dodge: Dodged            |    35 |    26 |    38 ||    99
